 Dungeon Crawl Stone Soup version 0.30-a0-852-g08b95dd62f (webtiles) character file.

Game seed: 15800617639015254680

212 arthad the Magician (level 6, -3/45 HPs)
             Began as a Djinni Fire Elementalist on Mar 4, 2023.
             Slain by an ogre
             ... wielding a +0 giant club
              (27 damage)
             ... on level 4 of the Dungeon.
             The game lasted 00:07:26 (2883 turns).

arthad the Magician (Djinni Fire Elementalist)      Turns: 2883, Time: 00:07:26

Health: -3/45      AC:  2    Str:  7    XL:     6   Next: 14%
Gold:   111        EV: 28    Int: 18    God:
                   SH:  0    Dex: 14

rFire   + + .      SeeInvis .    (no weapon)
rCold   x . .      Faith    .    (no shield)
rNeg    . . .      Spirit   .    a - +0 robe
rPois   ∞          Reflect  .    (no helmet)
rElec   .          Rampage  .    (no cloak)
rCorr   .                        (no gloves)
Will    .....                    (boots unavailable)
Stlth   ++                       f - amulet of the acrobat
HPRegen 0.27/turn                (no ring)
MPRegen 0.00/turn                (no ring)

@: acrobatic, flying, very slightly contaminated
A: sickness immunity, fire resistance 2, cold vulnerability 1, float, innate
caster, HP casting, extra vitality 1
a: no special abilities


You were on level 4 of the Dungeon.
You visited 1 branch of the dungeon, and saw 4 of its levels.

You collected 111 gold pieces.

Inventory:

Missiles
 n - 5 atropa-tipped darts
 r - 8 poisoned darts
Armour
 a - a +0 robe (worn)
Jewellery
 f - an amulet of the acrobat (around neck)
Scrolls
 c - a scroll of identify {unknown}
 d - 2 scrolls of teleportation {unknown}
 g - 2 scrolls of enchant weapon {unknown}
 h - a scroll of fear {unknown}
 j - a scroll of amnesia {unknown}
 m - a scroll of poison {unknown}
 o - a scroll of fog {unknown}
 t - a scroll of noise {unknown}
Potions
 b - 2 potions of heal wounds {unknown}
 e - 3 potions of invisibility {unknown}
 i - a potion of brilliance {unknown}
 k - 3 potions of curing
 l - 2 potions of degeneration {unknown}
 p - 2 potions of might {unknown}
 q - a potion of ambrosia {unknown}
 s - a potion of mutation {unknown}
 u - a potion of lignification {unknown}


   Skills:
 * Level 2.9 Fighting
 + Level 3.3 Dodging
 + Level 2.5 Stealth
 * Level 3.4 Spellcasting


You knew the following spells:

 Your Spells              Type           Power      Damage    Failure   Level
a - Foxfire               Conj/Fire      60%        2x1d7     3%          1
b - Scorch                Fire           30%        2d7       5%          2
c - Kindle Blastsparks    Fire/Tloc/Air  30%        2d12      11%         3
d - Inner Flame           Hex/Fire       15%        N/A       11%         3
e - Flame Wave            Conj/Fire      15%        2d7       36%         4
f - Freeze                Ice            60%        1d7       3%          1
g - Poisonous Vapours     Pois/Air       30%        N/A       5%          2
Your spell library was empty.

Dungeon Overview and Level Annotations

Branches:
Dungeon (4/15)
 Temple: D:4-7

Altars:
Makhleb
Uskayaw


Innate Abilities, Weirdness & Mutations

You are immune to sickness and miasma.
You are immune to poison.
Your flesh is very heat resistant. (rF++)
You are vulnerable to cold. (rC-)
You float through the air rather than walking.
You learn spells naturally, not from books.
Your magical power is your life essence.
You have superior vitality. (+4 MHP)


Message History

The foxfire hits something!
Something hits you.
Deactivating autopickup; reactivate with Ctrl-A.
Casting: Foxfire (safe; 4% risk of failure)
Confirm with . or Enter, or press ? or * to list all spells.
You can't see any susceptible monsters within range! (Use Z to cast anyway.)
Casting: Foxfire (safe; 4% risk of failure)
Confirm with . or Enter, or press ? or * to list all spells.
Flames lash something.
Reactivating autopickup.
You feel a bit more experienced.
You have reached level 6!
Things that are here:
a +0 dagger; a +0 robe You miscast Foxfire.
Nothing appears to happen.
You conjure some foxfire!
The foxfire hits the orc.
The orc is heavily wounded.
The foxfire hits the orc but does no damage.
The orc is heavily wounded.
The dart slug launches a dart at you. The slug dart misses you.
You conjure some foxfire!
You conjure some foxfire!
The foxfire hits the orc.
The orc is heavily wounded.
The foxfire hits the orc.
You kill the orc!
The foxfire hits the ogre.
The ogre is lightly wounded.
The foxfire hits the ogre.
The ogre is moderately wounded.
You conjure some foxfire!
The ogre hits you with a +0 giant club! The dart slug launches a dart at you.
The slug dart hits you.
The foxfire hits the ogre.
The ogre is heavily wounded.
The foxfire hits the ogre but does no damage.
The ogre is heavily wounded.
The ogre hits you with a +0 giant club!!
Ouch! That really hurt!
You die...

.#+#+#.#.#.#.#.#.#.#.#.##+##.##
..#.#.#.#.#.#.#.#.#.#.#.# # #
.#.#.#)#.#.#.#.#.#.#.#.##.#
..#.#.#.#.#.#.#.#.>.#.#...#
.#.#.#<#.#.#.# #.#.#.#.####
..#.#.#.#.#.#.# #.#.#.#'####.#
.#.#.#.#.#.# #.#.#)#.........#
..#.#.#.#.#.# #.#+#.#........#
.#.#.#.#.#.#.# #@..#'........#
#.#.#.#.#.#.#.#+.O.'#........#
.#.#.#.#.#.#.#.#.).#.........#
#.#.#.#.#.#.#.#.#'#.#.#'####.#
.#.#.....#.#.#.#.#.#.#.#.. .#
..#.#...........#.#.#.#.### #
.#.#..≈≈≈≈≈≈≈≈≈..# #.#.##
..#.#.≈.....wJ≈.# #.#.#
.#.#.o≈.≈≈≈≈≈.≈ #.##


You could see an ogre.

Vanquished Creatures
  A hound (D:3)
  An orc wizard (D:4)
  7 adders
  2 worms (D:2)
  2 dart slugs
  7 orcs
  6 ball pythons
  3 bats
  4 endoplasms
  A giant cockroach (D:1)
  3 goblins (D:1)
  3 hobgoblins
  16 jackals
  7 kobolds
  2 quokkas
  2 frilled lizards
  5 rats
72 creatures vanquished.

Vanquished Creatures (others)
  253 foxfires
253 creatures vanquished.

Grand Total: 325 creatures vanquished

Notes
Turn   | Place    | Note
-------+----------+-------------------------------------------
     0 | D:1      | arthad the Djinni Fire Elementalist began the quest for the
                  | Orb.
     0 | D:1      | arthad set off with the following spells memorised:
                  | Foxfire, Scorch, Kindle Blastsparks, Inner Flame, Flame
                  | Wave.
     0 | D:1      | Reached XP level 1. HP: 15/15 MP: 0/0
   278 | D:1      | Reached XP level 2. HP: 17/22 MP: 0/0
   348 | D:1      | You are sucked into a shaft and drop 1 floor!
   381 | D:2      | Reached skill level 1 in Fighting
   638 | D:1      | Reached XP level 3. HP: 26/27 MP: 0/0
   638 | D:1      | Learned a level 1 spell: Freeze
  1298 | D:2      | Reached XP level 4. HP: 28/33 MP: 0/0
  1955 | D:3      | Reached XP level 5. HP: 30/38 MP: 0/0
  1955 | D:3      | Learned a level 2 spell: Poisonous Vapours
  2609 | D:4      | Found a hide-covered altar of Uskayaw.
  2611 | D:4      | Found a burning altar of Makhleb.
  2859 | D:4      | Noticed an ogre
  2875 | D:4      | Reached XP level 6. HP: 40/45 MP: 0/0
  2883 | D:4      | Slain by an ogre

Illustrated notes

Levels and vault maps discovered:
D:1:      minmay_arrival_radiant_lines, layout_loops_corners,
          minmay_misc_feat_nine_boxes
D:2:      layout_basic
D:3:      layout_rooms, st_stairs_4
D:4:      layout_basic, mainiacjoe_overflow_catwalk_spiral

Skill      XL: |  1  2  3  4  5 |
---------------+----------------+-----
Fighting       | 1 2 |  2.9
Stealth        | 2 |  2.5
Spellcasting   | 3 |  3.4
Dodging        | 3 |  3.3

Action                     |  1- 3 |  4- 6 || total
---------------------------+-------+-------++-------
  Melee: Unarmed           |     1 |     2 ||     3
   Cast: Foxfire           |    61 |    98 ||   159
         Scorch            |     1 |    13 ||    14
         Kindle Blastspark |       |     1 ||     1
    Use: Potion            |       |     1 ||     1
 Armour: Robe              |       |     3 ||     3
  Dodge: Dodged            |    10 |    36 ||    46

Table legend: (Time is in decaauts)
 A = Elapsed time spent in this place.
 B = Non-inter-level travel time spent in this place.
 C = Inter-level travel time spent in this place.
 D = Time resting spent in this place.
 E = Time spent auto-exploring this place.
 F = Levels seen in this place.
 G = Mean time per level.
                   A        B        C        D        E       F      G
               +--------+--------+--------+--------+--------+-----+--------+
         Total |   2881 |   2788 |     93 |     85 |   2301 |   4 |  720.2 |
       Dungeon |   2881 |   2788 |     93 |     85 |   2301 |   4 |  720.2 |
               +--------+--------+--------+--------+--------+-----+--------+

Top non-repeatable levels by time:
     D:1: 918 daAuts
     D:2: 913 daAuts
     D:3: 746 daAuts
     D:4: 303 daAuts
